 Dungeon Crawl Stone Soup version 0.26-a0-771-g060e6a6 (webtiles) character file.

Game seed: 1079487638705637823

2242 MrTaco21 the Basher (level 9, -4/51 HPs)
             Began as a Gargoyle Fighter on Nov 8, 2020.
             Was a Priest of Okawaru.
             Slain by an ogre
             ... wielding a +0 giant club
              (20 damage)
             ... on level 7 of the Dungeon.
             The game lasted 00:08:12 (6487 turns).

MrTaco21 the Basher (Gargoyle Fighter)              Turns: 6487, Time: 00:08:12

Health: -4/51      AC: 14    Str: 30    XL:     9   Next: 37%
Magic:  9/9        EV:  7    Int:  8    God:    Okawaru [***...]
Gold:   346        SH: 11    Dex:  9    Spells: 8/8 levels left

rFire    . . .     SeeInvis +   w - +2 whip (elec)
rCold    . . .     Faith    .   l - +1 kite shield
rNeg     + . .     Spirit   .   b - +0 scale mail
rPois    ∞         Reflect  .   (no helmet)
rElec    +         Harm     .   (no cloak)
rCorr    .         Rampage  .   (no gloves)
MR       .....                  s - +0 pair of boots
Stlth    ..........             (no amulet)
HPRegen  0.17/turn              z - ring of see invisible
MPRegen  0.11/turn              n - +6 ring of strength

@: no status effects
A: negative energy resistance 1, electricity resistance, unbreathing,
petrification resistance, rot immunity, AC +6
a: Heroism, Renounce Religion


You were on level 7 of the Dungeon.
You worshipped Okawaru.
Okawaru was most pleased with you.
You visited 1 branch of the dungeon, and saw 7 of its levels.

You collected 346 gold pieces.

Inventory:

Hand Weapons
 w - a +2 whip of electrocution (weapon)
   (You took it off Pikel on level 6 of the Dungeon)
Missiles
 k - 57 poisoned darts (quivered)
Armour
 b - a +0 scale mail (worn)
 l - a +1 kite shield (worn)
 s - a +0 pair of boots (worn)
   (You found it on level 4 of the Dungeon)
Jewellery
 n - a +6 ring of strength (right hand)
   (You found it on level 2 of the Dungeon)
 z - a ring of see invisible (left hand)
   (You found it on level 4 of the Dungeon)
Wands
 c - a wand of disintegration (28)
   (You took it off Pikel on level 6 of the Dungeon)
 t - a wand of flame (1)
   (You took it off a crimson imp on level 4 of the Dungeon)
 u - a wand of paralysis (5)
   (You found it on level 5 of the Dungeon)
 C - a wand of enslavement (11)
   (You found it on level 7 of the Dungeon)
Scrolls
 a - 3 scrolls of remove curse {@r2}
 e - 11 scrolls of identify {@r1}
 g - 2 scrolls of amnesia
 h - a scroll of blinking {unknown}
 i - 4 scrolls of teleportation {@r4}
 p - 3 scrolls of enchant weapon
 y - a scroll of enchant armour
 B - a scroll of fear
 D - a scroll of summoning {unknown}
Potions
 d - a potion of might
 f - 2 potions of invisibility {unknown}
 j - 2 potions of attraction {unknown}
 m - a potion of flight {unknown}
 o - a potion of curing {unknown}
 q - 2 potions of degeneration {unknown}
 r - a potion of lignification {unknown}
 v - a potion of haste {unknown}
 x - 2 potions of resistance {unknown}
 A - a potion of mutation {unknown}


   Skills:
 - Level 3.2 Fighting
 - Level 12.0 Maces & Flails
 - Level 3.2 Armour
 + Level 3.7 Shields


You had 8 spell levels left.
You didn't know any spells.
Your spell library contained the following spells:

 Spells                   Type           Power        Failure   Level
 Magic Dart               Conj           #...         98%         1
 Blink                    Tloc           N/A          99%         2
 Call Imp                 Summ           #.......     99%         2
 Slow                     Hex            #.......     99%         2
 Conjure Flame            Conj/Fire      #.......     100%        3
 Mephitic Cloud           Conj/Pois/Air  #.......     100%        3


Dungeon Overview and Level Annotations

Branches:
Dungeon (7/15)             Temple (0/1) D:7

Altars:
Ashenzari
Makhleb
Okawaru
Ru
Vehumet
Wu Jian
Xom
The Shining One

Shops:
D:4 =:   D:6 ?=


Innate Abilities, Weirdness & Mutations

You are resistant to torment.
Your stone body is resilient. (AC +6)
You are immune to poison.
You resist negative energy. (rN+)
You are resistant to electric shocks. (rElec)
You can survive without breathing.
You are immune to petrification.
You are immune to rotting.


Message History

You hit the gnoll. Lightning courses through the gnoll!
You hit the gnoll but do no damage. You block the gnoll's attack.
The gnoll barely misses you.
You hit the gnoll but do no damage. Lightning courses through the gnoll!!
You kill the gnoll!
Okawaru accepts your kill.
You hit the gnoll. The gnoll hits you but does no damage.
You closely miss the gnoll. The gnoll barely misses you.
You whack the gnoll!
You kill the gnoll!
Okawaru accepts your kill.
You hit the gnoll. You block the gnoll's attack.
You hit the gnoll. You hit the gnoll. Lightning courses through the gnoll!!
You kill the gnoll!
Okawaru accepts your kill.
No target in view!
No target in view!
No target in view!
No target in view!
No target in view!
No target in view!
No target in view!
No target in view!
No target in view!
No target in view!
No target in view!
Things that are here:
a +0 club; a gnoll corpse You see here a pair of boots.
D - a scroll labeled JAKKUO FOREIJE
Found a scroll of teleportation.
An ogre comes into view. It is wielding a +0 giant club.
The ogre shouts!
Found a stone staircase leading down.
An ogre is nearby!
An ogre is nearby!
The ogre hits you with a +0 giant club!
Found a black book.
Your scale mail prevents you from hitting the ogre.
Your shield prevents you from hitting the ogre.
You barely miss the ogre. The ogre hits you with a +0 giant club!
You hit the ogre. You whack the ogre! Lightning courses through the ogre!
The ogre hits you with a +0 giant club!!
* * * LOW HITPOINT WARNING * * *
You barely miss the ogre. You hit the ogre.
The ogre hits you with a +0 giant club!!
You die...

#.##. #.. #.... #. ##..##
####.##. .^. ..... .....##.
#..##...### .......† ....>..:
........ #.?... #.##.##.
#...O# .....#. #...@# #
.##.... ##...#....### .# #
##.#. ...........##.##.#.
##.#. ..
......................... #
... ...#....##.#............
#.#.. ........##.####.#.#.##..
.#.####.......................
..............................
#.###†)....###..####.#.#.##..


You could see an ogre.

Vanquished Creatures
  Pikel (D:6)
  Eustachio (D:6)
  An ice beast (D:7)
  A sky beast (D:7)
  An orc warrior (D:7)
  A black bear (D:6)
  2 phantoms
  3 ogres
  A lemure (D:6)
  A bullfrog (D:6)
  A howler monkey (D:6)
  2 crimson imps (D:4)
  3 bullfrog zombies
  2 orc priests
  A hound (D:4)
  2 orc wizards
  An iguana (D:7)
  6 worker ants
  A hound skeleton (D:4)
  A worker ant zombie (D:5)
  4 gnolls (D:7)
  A howler monkey zombie (D:7)
  4 adders
  A shadow imp (D:7)
  2 white imps
  An ufetubus (D:7)
  An ooze (D:3)
  An adder skeleton (D:4)
  An adder zombie (D:7)
  3 worms
  2 dart slugs (D:2)
  8 leopard geckos
  19 orcs
  A giant cockroach (D:3)
  4 goblins
  5 hobgoblins
  10 jackals
  7 kobolds
  2 quokkas
  2 ball pythons
  10 bats
  4 frilled lizards
  A rat (D:2)
127 creatures vanquished.

Notes
Turn   | Place    | Note
-------+----------+-------------------------------------------
     0 | D:1      | MrTaco21 the Gargoyle Fighter began the quest for the Orb.
     0 | D:1      | Reached XP level 1. HP: 14/14 MP: 1/1
   135 | D:1      | Reached XP level 2. HP: 11/19 MP: 2/2
   356 | D:1      | Reached skill level 3 in Maces & Flails
   924 | D:2      | Reached XP level 3. HP: 21/23 MP: 3/3
  1211 | D:2      | Found an iron altar of Okawaru.
  1217 | D:2      | Found a glowing golden altar of the Shining One.
  1219 | D:2      | Found a broken altar of Ashenzari.
  1222 | D:2      | Found a shimmering altar of Xom.
  1226 | D:2      | Reached skill level 4 in Maces & Flails
  1228 | D:2      | Became a worshipper of Warmaster Okawaru
  1669 | D:3      | Reached XP level 4. HP: 28/28 MP: 4/4
  2653 | D:4      | Found Heotsim's Book Emporium.
  2665 | D:4      | Reached skill level 5 in Maces & Flails
  2665 | D:4      | Reached XP level 5. HP: 16/32 MP: 5/5
  3199 | D:4      | Reached skill level 6 in Maces & Flails
  3199 | D:4      | Reached XP level 6. HP: 34/37 MP: 6/6
  3331 | D:4      | Found a radiant altar of Vehumet.
  3332 | D:4      | Found a burning altar of Makhleb.
  3663 | D:4      | Found Lokkusir's Jewellery Shop.
  3667 | D:4      | Found an ornate altar of the Wu Jian Council.
  3877 | D:5      | Entered Level 5 of the Dungeon
  4106 | D:5      | Reached skill level 7 in Maces & Flails
  4153 | D:5      | Reached * piety under Okawaru
  4153 | D:5      | Reached XP level 7. HP: 41/41 MP: 7/7
  4751 | D:6      | Found Enahyu's Jewellery Shop.
  4761 | D:6      | Reached skill level 8 in Maces & Flails
  4926 | D:6      | Reached ** piety under Okawaru
  4941 | D:6      | Reached skill level 9 in Maces & Flails
  4941 | D:6      | Reached XP level 8. HP: 46/46 MP: 8/8
  4988 | D:6      | Found a sacrificial altar of Ru.
  4992 | D:6      | Noticed Pikel
  5015 | D:6      | Killed Pikel
  5015 | D:6      | Reached skill level 10 in Maces & Flails
  5136 | D:6      | Found Isilias's Magic Scroll Shoppe.
  5470 | D:6      | Noticed Eustachio
  5490 | D:6      | Killed Eustachio
  5490 | D:6      | Reached *** piety under Okawaru
  5490 | D:6      | Reached skill level 11 in Maces & Flails
  5490 | D:6      | Reached XP level 9. HP: 50/51 MP: 9/9
  6194 | D:7      | Reached skill level 12 in Maces & Flails
  6296 | D:7      | Found a staircase to the Ecumenical Temple.
  6487 | D:7      | Slain by an ogre

Illustrated notes

Levels and vault maps discovered:
D:1:      lightli_arrival_quake, layout_basic
D:2:      minmay_angry_zag, layout_loops_cross, grunt_temple_overflow_open,
          minmay_pentomino_o2
D:3:      minmay_inner_zag, layout_basic
D:4:      minmay_diamond_boxcup, layout_rooms,
          grunt_temple_overflow_lords_of_destruction, overflow_temple_1_default,
          serial_shops, nicolae_shop_stone, nicolae_shop_stone,
          kennysheep_minor_cross, glass_columns_b, minmay_fire_ice_demons
D:5:      layout_gridville
D:6:      layout_basic, serial_shops, shop,
          nicolae_shop_competitors_out_of_business, basic_altar, uniq_pikel,
          uniq_eustachio
D:7:      layout_basic, minmay_temple_entry_junction

Skill      XL: |  1  2  3  4  5  6  7  8  9 |
---------------+----------------------------+-----
Maces & Flails | 3 4 5 6 7 9 11 12 | 12.0
Fighting       | |  3.2
Armour         | |  3.2
Shields        | |  3.7

Action                   |  1- 3 |  4- 6 |  7- 9 || total
-------------------------+-------+-------+-------++-------
Melee: Flail             |   143 |   131 |    82 ||   356
       Whip              |       |       |   176 ||   176
  Use: Scroll            |     4 |     3 |       ||     7
Armor: Scale mail        |    93 |    75 |    98 ||   266
Dodge: Dodged            |    45 |    34 |    55 ||   134
Block: Kite shield       |    76 |    64 |   108 ||   248

Table legend: (Time is in decaauts)
 A = Elapsed time spent in this place.
 B = Non-inter-level travel time spent in this place.
 C = Inter-level travel time spent in this place.
 D = Time resting spent in this place.
 E = Time spent auto-exploring this place.
 F = Levels seen in this place.
 G = Mean time per level.
                   A        B        C        D        E       F      G
               +--------+--------+--------+--------+--------+-----+--------+
         Total |   6488 |   6208 |    280 |    554 |   4644 |   7 |  926.9 |
       Dungeon |   6488 |   6208 |    280 |    554 |   4644 |   7 |  926.9 |
               +--------+--------+--------+--------+--------+-----+--------+

Top non-repeatable levels by time:
     D:4: 1302 daAuts
     D:6: 1113 daAuts
     D:3: 1038 daAuts
     D:5: 880 daAuts
     D:2: 806 daAuts
     D:1: 792 daAuts
     D:7: 555 daAuts
